[Event "ONJK-B 2019"]
[Site "Borne"]
[Date "2019.08.05"]
[Round "1.1"]
[White "Maters, Arthur"]
[Black "Tiggelman, Laura"]
[Result "1-0"]
[ECO "B76"]
[WhiteElo "2041"]
[BlackElo "1436"]
[Annotator "NA"]
[PlyCount "69"]
[EventDate "2019.08.05"]
[EventType "swiss"]
[EventCountry "NED"]
[SourceTitle "playchess.com"]
[Source "ChessBase"]
[SourceQuality "1"]
[TimeControl "5400+30"]

1. e4 c5 2. Nf3 d6 3. d4 cxd4 4. Nxd4 Nf6 5. Nc3 g6 6. Be3 Bg7 7. f3 O-O 8. Qd2 Nc6 9. O-O-O d5 10. Nxc6 bxc6 11. Bh6 Qc7 12. exd5 cxd5 13. Bxg7 Kxg7 14. h4 Bb7 15. h5 e5 16. hxg6 fxg6 17. Bd3 e4 18. fxe4 dxe4 19. Bb5 Rad8 20. Qh6+ Kg8 21. Rdf1 Nh5 22. g4 Rxf1+ 23. Rxf1 Ng3 24. Qh2 Rc8 25. Rg1 a6 26. Ba4 Qf4+ 27. Kb1 e3 28. Qxg3 Qb4 29. Bb3+ Kf8 30. Rf1+ Ke8 31. Qe5+ Qe7 32. Rf8+ Kd7 33. Ba4+ Bc6 34. Qd5+ Qd6 35. Rf7+ 1-0

[Event "ONJK-B 2019"]
[Site "Borne"]
[Date "2019.08.05"]
[Round "1.2"]
[White "Olree, Alex"]
[Black "Mainka, Alwin"]
[Result "0-1"]
[ECO "D70"]
[WhiteElo "1411"]
[BlackElo "1989"]
[Annotator "NA"]
[PlyCount "66"]
[EventDate "2019.08.05"]
[EventType "swiss"]
[EventCountry "NED"]
[SourceTitle "playchess.com"]
[Source "ChessBase"]
[SourceQuality "1"]
[TimeControl "5400+30"]

1. d4 Nf6 2. c4 g6 3. f3 d5 4. cxd5 Nxd5 5. e4 Nb6 6. Nc3 Bg7 7. Be3 Nc6 8. Bb5 O-O 9. Nge2 e5 10. d5 Ne7 11. Qc2 c6 12. dxc6 bxc6 13. Rd1 Bd7 14. Ba4 Qc8 15. Bc5 Re8 16. O-O Qb7 17. Bb3 Nec8 18. Rd3 Bf8 19. Bxf8 Rxf8 20. Rfd1 a5 21. Qd2 Ra7 22. Qg5 Qc7 23. Rc1 Qb8 24. a3 c5 25. Nd5 Nxd5 26. Bxd5 Qxb2 27. Ng3 Qb6 28. Qxe5 c4+ 29. Rd4 Re8 30. Bxf7+ Kxf7 31. Qf4+ Kg8 32. Rcxc4 Bb5 33. Kf1 Qxd4 0-1

[Event "ONJK-B 2019"]
[Site "Borne"]
[Date "2019.08.05"]
[Round "1.3"]
[White "Albertus, Bram"]
[Black "Van Hille, Clara"]
[Result "1/2-1/2"]
[ECO "A14"]
[WhiteElo "1841"]
[BlackElo "1391"]
[Annotator "NA"]
[PlyCount "100"]
[EventDate "2019.08.05"]
[EventType "swiss"]
[EventCountry "NED"]
[SourceTitle "playchess.com"]
[Source "ChessBase"]
[SourceQuality "1"]
[TimeControl "5400+30"]

1. c4 e6 2. g3 d5 3. Bg2 Nf6 4. Nf3 Be7 5. d4 O-O 6. O-O b6 7. Nbd2 Bb7 8. e3 c5 9. b3 Nc6 10. Bb2 Rc8 11. Ne5 Nd7 12. cxd5 Ndxe5 13. dxe5 exd5 14. Nb1 Na5 15. Qd2 Qd7 16. Rd1 Rfd8 17. Nc3 d4 18. Ne4 Nc6 19. f4 Qf5 20. Qd3 Qd7 21. a3 Qe6 22. Nf2 dxe3 23. Qxe3 Rxd1+ 24. Rxd1 Rd8 25. Rxd8+ Bxd8 26. Qd3 Bc7 27. f5 Qe7 28. f6 gxf6 29. exf6 Qe1+ 30. Bf1 Ne5 31. Bxe5 Qxe5 32. Qd7 Kf8 33. b4 Qd6 34. Qxd6+ Bxd6 35. b5 Ke8 36. Bc4 Bf3 37. Nh3 Be4 38. Ng5 Bg6 39. Nf3 Be4 40. Ng5 Bg6 41. Nf3 Be4 42. Ng5 Bg6 43. g4 Be5 44. h4 Bxf6 45. Nf3 Be4 46. Nd2 Bd4+ 47. Kh2 Bb7 48. Kg3 Be5+ 49. Kf2 Bc8 50. Kf3 Bb7+ 1/2-1/2

[Event "ONJK-B 2019"]
[Site "Borne"]
[Date "2019.08.05"]
[Round "1.4"]
[White "Visser, Barto"]
[Black "Klaren, Oscar"]
[Result "0-1"]
[ECO "B23"]
[WhiteElo "1342"]
[BlackElo "1737"]
[Annotator "NA"]
[PlyCount "48"]
[EventDate "2019.08.05"]
[EventType "swiss"]
[EventCountry "NED"]
[SourceTitle "playchess.com"]
[Source "ChessBase"]
[SourceQuality "1"]
[TimeControl "5400+30"]

1. e4 c5 2. Nc3 Nc6 3. f4 e6 4. Bc4 Nge7 5. Nf3 g6 6. O-O Bg7 7. d3 O-O 8. Qe1 Nd4 9. Bb3 a6 10. a4 d5 11. Qh4 c4 12. dxc4 dxc4 13. Bxc4 Nxf3+ 14. Rxf3 f5 15. Rd3 Qc7 16. Bb3 fxe4 17. Nxe4 Nf5 18. Qh3 h6 19. Qg4 Nd4 20. Be3 Nxb3 21. cxb3 e5 22. Qxg6 Bf5 23. Rc1 Qxc1+ 24. Bxc1 Bxg6 0-1

[Event "ONJK-B 2019"]
[Site "Borne"]
[Date "2019.08.05"]
[Round "1.5"]
[White "Rogge, Parcival"]
[Black "Decruyenaere, Laura"]
[Result "1-0"]
[ECO "C54"]
[WhiteElo "1743"]
[BlackElo "1382"]
[Annotator "NA"]
[PlyCount "71"]
[EventDate "2019.08.05"]
[EventType "swiss"]
[EventCountry "NED"]
[SourceTitle "playchess.com"]
[Source "ChessBase"]
[SourceQuality "1"]
[TimeControl "5400+30"]

1. e4 e5 2. Nf3 Nc6 3. Bc4 Nf6 4. d3 h6 5. c3 Bc5 6. b4 Bb6 7. b5 Na5 8. Nxe5 Nxc4 9. Nxc4 d6 10. a4 c6 11. O-O O-O 12. Ba3 Bc7 13. e5 Ne8 14. d4 Be6 15. Nbd2 Qd7 16. f4 Bg4 17. Qe1 Rd8 18. h3 Bf5 19. Rf3 Qe6 20. g4 Bh7 21. f5 Qc8 22. Qh4 Rd7 23. Raf1 Qd8 24. Qf2 Bb8 25. Ne4 Kh8 26. Nexd6 Nxd6 27. Nxd6 Bxd6 28. Bxd6 Re8 29. f6 g6 30. Qh4 Rg8 31. Be7 Qc8 32. Qxh6 Qb8 33. g5 cxb5 34. Rf4 bxa4 35. Rh4 a3 36. Qxh7# 1-0

[Event "ONJK-B 2019"]
[Site "Borne"]
[Date "2019.08.05"]
[Round "1.6"]
[White "Lauwers, Timo"]
[Black "Baselmans, Daan"]
[Result "0-1"]
[ECO "A48"]
[WhiteElo "1364"]
[BlackElo "1720"]
[Annotator "NA"]
[PlyCount "96"]
[EventDate "2019.08.05"]
[EventType "swiss"]
[EventCountry "NED"]
[SourceTitle "playchess.com"]
[Source "ChessBase"]
[SourceQuality "1"]
[TimeControl "5400+30"]

1. d4 Nf6 2. Nf3 g6 3. Bf4 d6 4. e3 Bg7 5. Bd3 O-O 6. Nbd2 Nbd7 7. Nb3 Qe8 8. Nfd2 e5 9. dxe5 dxe5 10. Bg3 e4 11. Be2 Qd8 12. h4 h5 13. Bf4 b6 14. g4 hxg4 15. Bxg4 Nxg4 16. Qxg4 Bxb2 17. Rb1 Bc3 18. Bh6 Nc5 19. Qe2 Nxb3 20. Rxb3 Qxd2+ 21. Qxd2 Bxd2+ 22. Kxd2 Rd8+ 23. Kc1 Bg4 24. Rb4 Bf3 25. Rg1 c5 26. Rb1 Rd5 27. Bg5 Kg7 28. Kb2 Rd2 29. Rgf1 f6 30. Bf4 Rad8 31. Bg3 b5 32. a3 R8d7 33. Kc3 Be2 34. Rfe1 a5 35. Rxe2 Rxe2 36. Rxb5 Rdd2 37. Rb2 a4 38. Ra2 Kf7 39. Rb2 Ke6 40. Rb6+ Kf5 41. Rb2 Kg4 42. Ra2 g5 43. hxg5 fxg5 44. Rb2 Kf3 45. Ra2 Rxf2 46. Bxf2 Rxf2 47. Kc4 g4 48. Kxc5 g3 0-1

[Event "ONJK-B 2019"]
[Site "Borne"]
[Date "2019.08.05"]
[Round "1.7"]
[White "Van Weerden, Jur"]
[Black "Borgelioen, Elise"]
[Result "1-0"]
[ECO "C45"]
[WhiteElo "1676"]
[BlackElo "1342"]
[Annotator "NA"]
[PlyCount "65"]
[EventDate "2019.08.05"]
[EventType "swiss"]
[EventCountry "NED"]
[SourceTitle "playchess.com"]
[Source "ChessBase"]
[SourceQuality "1"]
[TimeControl "5400+30"]

1. e4 e5 2. Nf3 Nc6 3. d4 exd4 4. Nxd4 d6 5. g3 Nf6 6. Bg2 Bd7 7. O-O Be7 8. Nc3 O-O 9. Bf4 Re8 10. Re1 Bf8 11. Bg5 Be7 12. Nf3 h6 13. Bf4 Qc8 14. Nd5 Nxd5 15. exd5 Nd8 16. Qd2 f6 17. Re2 Nf7 18. Rae1 Bf8 19. Rxe8 Bxe8 20. Nd4 Bd7 21. Ne6 a6 22. Qd3 Nh8 23. Re4 Ng6 24. Rc4 Ne5 25. Bxe5 Bxe6 26. dxe6 dxe5 27. Qf5 Bd6 28. Be4 Kf8 29. Bd5 Ke7 30. Rg4 Qh8 31. Qg6 Kd8 32. Qf7 Qe8 33. Rxg7 1-0

[Event "ONJK-B 2019"]
[Site "Borne"]
[Date "2019.08.05"]
[Round "1.8"]
[White "Van Borren, Matthijs"]
[Black "De Putter, Nina"]
[Result "0-1"]
[ECO "B01"]
[WhiteElo "1339"]
[BlackElo "1631"]
[Annotator "NA"]
[PlyCount "40"]
[EventDate "2019.08.05"]
[EventType "swiss"]
[EventCountry "NED"]
[SourceTitle "playchess.com"]
[Source "ChessBase"]
[SourceQuality "1"]
[TimeControl "5400+30"]

1. e4 d5 2. d4 Nf6 3. exd5 Nxd5 4. c4 Nb6 5. Nf3 g6 6. Be3 Bg7 7. Qd2 O-O 8. Nc3 Nc6 9. Rd1 Bf5 10. h4 Nb4 11. Rc1 Re8 12. h5 e5 13. hxg6 fxg6 14. d5 e4 15. Nd4 Qf6 16. b3 Rad8 17. Ndb5 c6 18. Bg5 e3 19. Bxf6 exd2+ 20. Kxd2 Bxf6 0-1

[Event "ONJK-B 2019"]
[Site "Borne"]
[Date "2019.08.05"]
[Round "1.9"]
[White "Molanus, Lennart"]
[Black "Pol, Florian"]
[Result "1-0"]
[ECO "A30"]
[WhiteElo "1619"]
[BlackElo "1334"]
[Annotator "NA"]
[PlyCount "39"]
[EventDate "2019.08.05"]
[EventType "swiss"]
[EventCountry "NED"]
[SourceTitle "playchess.com"]
[Source "ChessBase"]
[SourceQuality "1"]
[TimeControl "5400+30"]

1. d4 Nf6 2. c4 e6 3. Nf3 b6 4. g3 Bb7 5. Bg2 c5 6. e3 Be7 7. O-O O-O 8. Nc3 cxd4 9. exd4 d5 10. Ne5 Nbd7 11. b3 Qc7 12. Bf4 Bd6 13. Re1 Bb4 14. Rc1 Rad8 15. Ng6 Qc8 16. Nxf8 Nxf8 17. Re3 Rd7 18. cxd5 exd5 19. Nxd5 Qxc1 20. Nxf6+ {[%emt 0:00:22] Qc5} 1-0

[Event "ONJK-B 2019"]
[Site "Borne"]
[Date "2019.08.05"]
[Round "1.10"]
[White "Wiggers, Yannick"]
[Black "Ekker, Laurens"]
[Result "0-1"]
[ECO "C45"]
[WhiteElo "1331"]
[BlackElo "1614"]
[Annotator "NA"]
[PlyCount "64"]
[EventDate "2019.08.05"]
[EventType "swiss"]
[EventCountry "NED"]
[SourceTitle "playchess.com"]
[Source "ChessBase"]
[SourceQuality "1"]
[TimeControl "5400+30"]

1. e4 e5 2. Nf3 Nc6 3. d4 exd4 4. Nxd4 Bc5 5. Be3 Qf6 6. c3 Nge7 7. Bc4 Ne5 8. Bb3 d6 9. f3 O-O 10. O-O c6 11. Qd2 d5 12. exd5 Nxd5 13. Bxd5 cxd5 14. b3 Re8 15. Re1 Qg6 16. Kh1 Bd7 17. Qc2 Qxc2 18. Nxc2 Nd3 19. Re2 Re6 20. Rd2 Bxe3 21. Rxd3 Rae8 22. Rxd5 Bc1 23. Rd1 Bb2 24. Kg1 Bxa1 25. Rxd7 Re2 26. Nba3 Bxc3 27. Rxb7 a5 28. Rc7 Bb4 29. Nb5 g6 30. a3 Bf8 31. Nbd4 Rd2 32. Ra7 Bc5 0-1

[Event "ONJK-B 2019"]
[Site "Borne"]
[Date "2019.08.05"]
[Round "1.11"]
[White "Mainka, Irmin"]
[Black "Schoonhoven, Mark"]
[Result "0-1"]
[ECO "C70"]
[WhiteElo "1611"]
[BlackElo "1275"]
[Annotator "NA"]
[PlyCount "106"]
[EventDate "2019.08.05"]
[EventType "swiss"]
[EventCountry "NED"]
[SourceTitle "playchess.com"]
[Source "ChessBase"]
[SourceQuality "1"]
[TimeControl "5400+30"]

1. e4 e5 2. Nf3 Nc6 3. Bb5 a6 4. Ba4 b5 5. Bb3 Bc5 6. c3 Bb6 7. O-O d6 8. Re1 Nf6 9. h3 O-O 10. d3 Be6 11. Bc2 Ne7 12. Nbd2 Ng6 13. Nf1 Nh5 14. d4 Nhf4 15. dxe5 Bxh3 16. Bxf4 Nxf4 17. gxh3 Nxh3+ 18. Kg2 Nxf2 19. Qd5 Qd7 20. e6 fxe6 21. Qh5 e5 22. Bb3+ Kh8 23. Ng5 Qg4+ 24. Qxg4 Nxg4 25. Nf7+ Rxf7 26. Bxf7 Rf8 27. Be6 Nf2 28. b3 Nd3 29. Ne3 Nf4+ 30. Kg3 Nxe6 31. Rad1 Rf6 32. Nd5 Bf2+ 33. Kg2 Nf4+ 34. Kxf2 Nxd5+ 35. Kg3 Nxc3 36. Rc1 b4 37. a3 c5 38. axb4 Na2 39. bxc5 Nxc1 40. c6 Nd3 41. Rd1 Nc5 42. c7 Rf8 43. Kg4 Nxe4 44. Ra1 Rc8 45. Rxa6 Nf6+ 46. Kf5 Rxc7 47. Rxd6 Rb7 48. Rd8+ Ng8 49. Rd3 Rb5 50. Ke6 h6 51. Kf7 Kh7 52. Rg3 g5 53. Kf8 e4 0-1

[Event "ONJK-B 2019"]
[Site "Borne"]
[Date "2019.08.05"]
[Round "1.12"]
[White "Li-Behn, Tobias"]
[Black "Arnold, Kiri"]
[Result "0-1"]
[ECO "A57"]
[WhiteElo "1237"]
[BlackElo "1555"]
[Annotator "NA"]
[PlyCount "112"]
[EventDate "2019.08.05"]
[EventType "swiss"]
[EventCountry "NED"]
[SourceTitle "playchess.com"]
[Source "ChessBase"]
[SourceQuality "1"]
[TimeControl "5400+30"]

1. d4 Nf6 2. c4 c5 3. d5 b5 4. e3 g6 5. Nf3 Bg7 6. cxb5 a6 7. Nc3 axb5 8. Bxb5 Ba6 9. O-O Bxb5 10. Nxb5 d6 11. Qb3 O-O 12. Re1 Nbd7 13. Nc3 Qa5 14. e4 Rfb8 15. Qc2 Ng4 16. Bf4 Qb4 17. Rab1 Qa5 18. h3 Nge5 19. Nxe5 Nxe5 20. b3 c4 21. Bxe5 Bxe5 22. Na4 cxb3 23. axb3 Rc8 24. Qd3 Rab8 25. Rec1 Rxc1+ 26. Rxc1 Qb4 27. Rb1 Rc8 28. g3 Qb7 29. Kg2 Qb4 30. h4 Rb8 31. Qc2 Qb7 32. b4 Rc8 33. Qb3 Qb5 34. Kf3 Rc4 35. Qa3 Rc2 36. Kg2 Qe2 37. Qf3 Qa6 38. Qb3 Qc8 39. b5 Rc7 40. b6 Rb7 41. Qb5 Qc2 42. Re1 Bd4 43. Re2 Qd1 44. Ra2 Qe1 45. Qe2 Qb1 46. Qc2 Qe1 47. Qc8+ Kg7 48. Qxb7 Qxe4+ 49. Kh2 Qe1 50. Qa6 Bxf2 51. Qd3 Qg1+ 52. Kh3 Qh1+ 53. Kg4 f5+ 54. Kf4 Qg2 55. Rb2 Bxg3+ 56. Qxg3 Qe4+ 0-1

[Event "ONJK-B 2019"]
[Site "Borne"]
[Date "2019.08.05"]
[Round "1.13"]
[White "Nopper, Louis"]
[Black "Warnaar, Mark"]
[Result "1-0"]
[ECO "A10"]
[WhiteElo "1579"]
[BlackElo "1175"]
[Annotator "NA"]
[PlyCount "59"]
[EventDate "2019.08.05"]
[EventType "swiss"]
[EventCountry "NED"]
[SourceTitle "playchess.com"]
[Source "ChessBase"]
[SourceQuality "1"]
[TimeControl "5400+30"]

1. c4 f6 2. Nc3 Kf7 3. d4 e6 4. Nf3 Bb4 5. Bd2 Ne7 6. a3 Bxc3 7. Bxc3 d5 8. e3 Re8 9. Bd3 Ng6 10. h4 h5 11. Qc2 Ne7 12. c5 Nbc6 13. b4 a6 14. a4 b6 15. O-O Bd7 16. b5 Nb8 17. c6 Bc8 18. Bb4 a5 19. Ba3 Rh8 20. Rae1 Rh6 21. Bxe7 Qxe7 22. e4 Qd6 23. exd5 Qxd5 24. Bc4 Qd6 25. Qb3 f5 26. Ng5+ Kf8 27. Bxe6 Bxe6 28. Nxe6+ Kf7 29. Nxc7+ Kf8 30. Re8# 1-0

[Event "ONJK-B 2019"]
[Site "Borne"]
[Date "2019.08.05"]
[Round "1.14"]
[White "Wetzels, Finn"]
[Black "Hooijmans, Max"]
[Result "0-1"]
[ECO "C53"]
[WhiteElo "1096"]
[BlackElo "1559"]
[Annotator "NA"]
[PlyCount "94"]
[EventDate "2019.08.05"]
[EventType "swiss"]
[EventCountry "NED"]
[SourceTitle "playchess.com"]
[Source "ChessBase"]
[SourceQuality "1"]
[TimeControl "5400+30"]

1. e4 e5 2. Bc4 Bc5 3. Nf3 Nc6 4. c3 d6 5. d4 Bb6 6. Bg5 f6 7. Be3 Bg4 8. d5 Bxe3 9. fxe3 Nce7 10. h3 Bxf3 11. Qxf3 Qd7 12. Nd2 O-O-O 13. b4 h5 14. Nb3 g5 15. Rf1 g4 16. Qg3 f5 17. a4 h4 18. Qf2 gxh3 19. exf5 hxg2 20. Qxg2 a6 21. e4 Nf6 22. Bd3 Rdg8 23. Qf2 Kb8 24. Rh1 Rg3 25. Rxh4 Rxh4 26. Qxg3 Rh1+ 27. Kd2 Rxa1 28. Nxa1 Qxa4 29. Nc2 a5 30. Qg7 Neg8 31. Qf8+ Ka7 32. Qd8 Kb6 33. Ne3 Qa2+ 34. Kc1 Qa1+ 35. Kc2 axb4 36. cxb4 Qa2+ 37. Kc3 Qa3+ 38. Kc4 Nxe4 39. Bxe4 Qxe3 40. Bd3 Qd4+ 41. Kb3 Qxd3+ 42. Ka4 Qxd5 43. Ka3 e4 44. f6 Nxf6 45. Qxf6 e3 46. Qf1 c5 47. Ka4 Qa2# 0-1

[Event "ONJK-B 2019"]
[Site "Borne"]
[Date "2019.08.05"]
[Round "1.15"]
[White "Heskes, Johan"]
[Black "Berghuis, Rowin"]
[Result "1-0"]
[ECO "D06"]
[WhiteElo "1535"]
[BlackElo "1081"]
[Annotator "NA"]
[PlyCount "77"]
[EventDate "2019.08.05"]
[EventType "swiss"]
[EventCountry "NED"]
[SourceTitle "playchess.com"]
[Source "ChessBase"]
[SourceQuality "1"]
[TimeControl "5400+30"]

1. d4 d5 2. c4 c6 3. Nc3 Bf5 4. Bf4 e6 5. c5 b6 6. b4 a5 7. a3 Nf6 8. e3 g6 9. Nf3 Bg7 10. Bd6 Nbd7 11. Be2 Bf8 12. Bxf8 Nxf8 13. Ne5 Qc7 14. b5 cxb5 15. Nxb5 Qb8 16. Nd6+ Ke7 17. Nc6+ Kd7 18. Nxb8+ Rxb8 19. g4 Be4 20. f3 Nxg4 21. fxe4 Nxe3 22. Qd2 Ng2+ 23. Kf2 Nh4 24. Qg5 bxc5 25. dxc5 dxe4 26. Qxh4 Kc6 27. Qf6 Nd7 28. Qc3 Nf6 29. Bb5+ Rxb5 30. Nxb5 e3+ 31. Ke2 Kxb5 32. Rab1+ Kc6 33. Rb6+ Kd7 34. Rd1+ Nd5 35. Qxh8 Ke7 36. Rxd5 exd5 37. Qf6+ Kd7 38. Qd6+ Kc8 39. Rb8# 1-0

[Event "ONJK-B 2019"]
[Site "Borne"]
[Date "2019.08.05"]
[Round "1.16"]
[White "Kroon, Lindert"]
[Black "Neirynck, Arthur"]
[Result "1/2-1/2"]
[ECO "B56"]
[WhiteElo "1076"]
[BlackElo "1514"]
[Annotator "NA"]
[PlyCount "98"]
[EventDate "2019.08.05"]
[EventType "swiss"]
[EventCountry "NED"]
[SourceTitle "playchess.com"]
[Source "ChessBase"]
[SourceQuality "1"]
[TimeControl "5400+30"]

1. e4 c5 2. Nf3 d6 3. Nc3 Nf6 4. d4 cxd4 5. Nxd4 g6 6. Bd3 Bg7 7. O-O Nc6 8. Nxc6 bxc6 9. Bg5 O-O 10. Ne2 Qa5 11. Bf4 Be6 12. b3 d5 13. exd5 Nxd5 14. Bd2 Qa3 15. c3 Qd6 16. Rc1 Rfd8 17. Bc4 Rd7 18. Bxd5 Qxd5 19. Be3 a6 20. Qc2 Rad8 21. Nf4 Qf5 22. Nxe6 Qxe6 23. g3 Rd3 24. Rfd1 Rxd1+ 25. Rxd1 Rxd1+ 26. Qxd1 Bxc3 27. Qd3 Be5 28. Bh6 Qc8 29. Qe4 Bf6 30. a4 Qd7 31. Qb4 Qc8 32. g4 e6 33. g5 Bg7 34. Qc5 Qd7 35. Qb6 Qc8 36. b4 Bxh6 37. gxh6 f6 38. Qa7 Qf8 39. Qd7 Qxh6 40. Qxe6+ Kf8 41. Qxf6+ Kg8 42. Qe6+ Kf8 43. Qc8+ Kf7 44. Qd7+ Kf8 45. Qxc6 Qf4 46. Qc8+ Kf7 47. Qxa6 Qg4+ 48. Kh1 Qf3+ 49. Kg1 Qg4+ 1/2-1/2

[Event "ONJK-B 2019"]
[Site "Borne"]
[Date "2019.08.06"]
[Round "2.4"]
[White "Hooijmans, Max"]
[Black "Rogge, Parcival"]
[Result "1/2-1/2"]
[ECO "A35"]
[WhiteElo "1559"]
[BlackElo "1743"]
[Annotator "NA"]
[PlyCount "45"]
[EventDate "2019.08.05"]
[EventType "swiss"]
[EventCountry "NED"]
[SourceTitle "playchess.com"]
[Source "ChessBase"]
[SourceQuality "1"]
[TimeControl "5400+30"]

1. e4 c5 2. Nf3 d6 3. c4 Nc6 4. Nc3 g6 5. d4 cxd4 6. Nxd4 Bg7 7. Nxc6 bxc6 8. g3 Qa5 9. Bd2 Rb8 10. Qa4 Qxa4 11. Nxa4 Bd7 12. Rb1 f5 13. Bg2 c5 14. Nc3 Bc6 15. b3 Nf6 16. f3 fxe4 17. Nxe4 Nxe4 18. fxe4 O-O 19. Bf4 Bd4 20. Ke2 Rf6 21. Be3 Re6 22. Kd3 Bg7 23. Rhf1 1/2-1/2

[Event "ONJK-B 2019"]
[Site "Borne"]
[Date "2019.08.06"]
[Round "2.5"]
[White "Baselmans, Daan"]
[Black "Hubers, Daan"]
[Result "0-1"]
[ECO "C61"]
[WhiteElo "1720"]
[BlackElo "1512"]
[Annotator "NA"]
[PlyCount "84"]
[EventDate "2019.08.05"]
[EventType "swiss"]
[EventCountry "NED"]
[SourceTitle "playchess.com"]
[Source "ChessBase"]
[SourceQuality "1"]
[TimeControl "5400+30"]

1. e4 e5 2. Nf3 Nc6 3. Bb5 Nd4 4. Nxd4 exd4 5. d3 a6 6. Ba4 b5 7. Bb3 Bb7 8. c3 c5 9. cxd4 cxd4 10. Bf4 Nf6 11. O-O Be7 12. Nd2 O-O 13. Nf3 Qb6 14. Be5 Bc5 15. Nh4 Rfe8 16. f4 d5 17. Bxf6 Qxf6 18. Nf3 dxe4 19. Ng5 Re7 20. dxe4 Bxe4 21. Nxe4 Rxe4 22. Bd5 Rae8 23. Bxe4 Rxe4 24. Qc2 Qe7 25. Rac1 Bb6 26. Qc8+ Bd8 27. Qa8 d3 28. Qd5 Qa7+ 29. Kh1 Rd4 30. Qe5 Qd7 31. Rfe1 g6 32. Qe8+ Qxe8 33. Rxe8+ Kg7 34. b4 Kf6 35. g3 Be7 36. a3 Rc4 37. Rc8 d2 38. Rd1 Rxc8 39. Rxd2 Rc3 40. Ra2 Kf5 41. Kg2 Bf6 42. h3 Rb3 0-1

[Event "ONJK-B 2019"]
[Site "Borne"]
[Date "2019.08.06"]
[Round "2.6"]
[White "Maas, Tristan"]
[Black "Van Weerden, Jur"]
[Result "0-1"]
[ECO "C01"]
[WhiteElo "1467"]
[BlackElo "1676"]
[Annotator "NA"]
[PlyCount "50"]
[EventDate "2019.08.05"]
[EventType "swiss"]
[EventCountry "NED"]
[SourceTitle "playchess.com"]
[Source "ChessBase"]
[SourceQuality "1"]
[TimeControl "5400+30"]

1. e4 e6 2. d4 Ne7 3. Nc3 g6 4. Bg5 Bg7 5. e5 O-O 6. Nf3 f6 7. exf6 Bxf6 8. Qd2 Nf5 9. Bxf6 Qxf6 10. O-O-O d5 11. h4 Ng7 12. Be2 Nd7 13. Ng5 Qxf2 14. h5 gxh5 15. Bxh5 Qxd2+ 16. Rxd2 Nf6 17. Bd1 Nf5 18. Nb5 Ng3 19. Rh3 Nge4 20. Nxe4 Nxe4 21. Nxc7 Rb8 22. Re2 Bd7 23. Rh5 Rbc8 24. Nxd5 exd5 25. Rxd5 Bc6 0-1

[Event "ONJK-B 2019"]
[Site "Borne"]
[Date "2019.08.06"]
[Round "2.7"]
[White "De Putter, Nina"]
[Black "Klein, Lucas"]
[Result "1/2-1/2"]
[ECO "B56"]
[WhiteElo "1631"]
[BlackElo "1481"]
[Annotator "NA"]
[PlyCount "60"]
[EventDate "2019.08.05"]
[EventType "swiss"]
[EventCountry "NED"]
[SourceTitle "playchess.com"]
[Source "ChessBase"]
[SourceQuality "1"]
[TimeControl "5400+30"]

1. e4 c5 2. Nf3 Nf6 3. Nc3 Nc6 4. d4 cxd4 5. Nxd4 d6 6. f3 e5 7. Nb3 Be7 8. Bc4 O-O 9. Be3 a5 10. a4 Nb4 11. g4 Be6 12. Bxe6 fxe6 13. Qe2 d5 14. exd5 exd5 15. O-O-O Rc8 16. Qb5 Qc7 17. Bb6 Qc4 18. Qxc4 Rc7 19. Qc5 Rxc5 20. Bxa5 Rc4 21. Bxb4 d4 22. Na2 Bxb4 23. Rd3 Nd5 24. Na1 Rfc8 25. Kb1 Ba5 26. Rb3 Nf4 27. h4 R8c7 28. Rh2 Nd5 29. Nc1 Rf7 30. Ne2 Nf4 1/2-1/2

[Event "ONJK-B 2019"]
[Site "Borne"]
[Date "2019.08.06"]
[Round "2.8"]
[White "Schoonhoven, Mark"]
[Black "Molanus, Lennart"]
[Result "0-1"]
[ECO "B70"]
[WhiteElo "1275"]
[BlackElo "1619"]
[Annotator "NA"]
[PlyCount "78"]
[EventDate "2019.08.05"]
[EventType "swiss"]
[EventCountry "NED"]
[SourceTitle "playchess.com"]
[Source "ChessBase"]
[SourceQuality "1"]
[TimeControl "5400+30"]

1. e4 c5 2. Nf3 d6 3. d4 cxd4 4. Nxd4 Nf6 5. Nc3 g6 6. Bg5 Bg7 7. Bd3 h6 8. Bh4 O-O 9. Qd2 Nc6 10. Nf3 Kh7 11. O-O-O Be6 12. h3 Qa5 13. a3 a6 14. g4 b5 15. g5 Nd7 16. Nb1 b4 17. gxh6 Bxb2+ 18. Kxb2 bxa3+ 19. Ka1 a2 20. Ng5+ Kh8 21. Qxa5 axb1=Q+ 22. Rxb1 Nxa5 23. Nxe6 fxe6 24. Rhf1 Rf3 25. Bxe7 Ne5 26. Rbd1 d5 27. exd5 exd5 28. Bb4 Nac6 29. Ba3 Rxh3 30. Rh1 Rf3 31. Bc5 d4 32. Be4 Rf4 33. f3 Rc8 34. Bxc6 Nxc6 35. Rh3 Rd8 36. Rg3 Kh7 37. Rh3 Ne5 38. Rf1 Rf5 39. Kb2 Nc4+ 0-1

[Event "ONJK-B 2019"]
[Site "Borne"]
[Date "2019.08.06"]
[Round "2.9"]
[White "Ekker, Laurens"]
[Black "Winter, Ynse"]
[Result "1-0"]
[ECO "C01"]
[WhiteElo "1614"]
[BlackElo "1021"]
[Annotator "NA"]
[PlyCount "43"]
[EventDate "2019.08.05"]
[EventType "swiss"]
[EventCountry "NED"]
[SourceTitle "playchess.com"]
[Source "ChessBase"]
[SourceQuality "1"]
[TimeControl "5400+30"]

1. e4 e6 2. d4 d5 3. exd5 exd5 4. c4 c6 5. Nc3 Nf6 6. Nf3 Bg4 7. Be3 Bd6 8. h3 Bh5 9. cxd5 Nxd5 10. Nxd5 cxd5 11. Be2 Nd7 12. Qb3 Qb6 13. Qxd5 Qxb2 14. O-O Qxe2 15. Rfe1 Qa6 16. Bf4+ Kd8 17. Bxd6 Bxf3 18. Be7+ Ke8 19. Qxf3 Qc6 20. Qg3 Qg6 21. Qc7 Nb6 22. Bd6+ 1-0

[Event "ONJK-B 2019"]
[Site "Borne"]
[Date "2019.08.06"]
[Round "2.10"]
[White "Neirynck, Arthur"]
[Black "Albertus, Bram"]
[Result "0-1"]
[ECO "B21"]
[WhiteElo "1514"]
[BlackElo "1841"]
[Annotator "NA"]
[PlyCount "60"]
[EventDate "2019.08.05"]
[EventType "swiss"]
[EventCountry "NED"]
[SourceTitle "playchess.com"]
[Source "ChessBase"]
[SourceQuality "1"]
[TimeControl "5400+30"]

1. e4 c5 2. Nc3 e6 3. f4 Nc6 4. Nf3 g6 5. Bb5 Nge7 6. O-O Bg7 7. Qe1 a6 8. Bxc6 Nxc6 9. d3 O-O 10. Qg3 d5 11. h4 h5 $15 12. Qh3 Nd4 13. Rf2 b5 14. g4 Nxf3+ 15. Rxf3 hxg4 16. Qxg4 Bxc3 17. bxc3 dxe4 18. Rg3 exd3 19. cxd3 Qf6 20. Rb1 e5 21. fxe5 Qxe5 22. Bf4 Qd5 23. Qf3 Qxf3 24. Rxf3 Bf5 25. Rd1 Bg4 26. Kf2 Rad8 27. Rd2 Bxf3 28. Kxf3 Rd5 29. d4 Rfd8 30. Be5 Rxe5 0-1

[Event "ONJK-B 2019"]
[Site "Borne"]
[Date "2019.08.06"]
[Round "2.11"]
[White "Van Hille, Clara"]
[Black "Kroon, Lindert"]
[Result "1-0"]
[ECO "C46"]
[WhiteElo "1391"]
[BlackElo "1076"]
[Annotator "NA"]
[PlyCount "97"]
[EventDate "2019.08.05"]
[EventType "swiss"]
[EventCountry "NED"]
[SourceTitle "playchess.com"]
[Source "ChessBase"]
[SourceQuality "1"]
[TimeControl "5400+30"]

1. e4 e5 2. Nf3 Nc6 3. Nc3 Bb4 4. Nd5 Nf6 5. Nxb4 Nxb4 6. c3 Nc6 7. d3 h6 8. g3 d5 9. Qe2 dxe4 10. dxe4 O-O 11. Bg2 Bg4 12. O-O Ne7 13. h3 Bd7 14. Nxe5 Be6 15. Be3 a6 16. Rad1 Qc8 17. b3 Bxh3 18. Bc5 Bxg2 19. Kxg2 Re8 20. Qc4 Qe6 21. Qxe6 fxe6 22. f3 b6 23. Be3 Rad8 24. c4 g5 25. Rh1 Nh7 26. Rxd8 Rxd8 27. Rxh6 Nf8 28. Bxg5 Kg7 29. Rh1 Re8 30. Bxe7 Rxe7 31. Rd1 Kf6 32. f4 Nh7 33. Rd7 c5 34. Rxe7 Kxe7 35. Kh3 Kf6 36. Nd7+ Ke7 37. Nxb6 Kd6 38. Kh4 e5 39. f5 Nf6 40. Nd5 Nxe4 41. g4 Kd7 42. g5 a5 43. g6 Ke8 44. f6 Kf8 45. Kg4 Nf2+ 46. Kf5 e4 47. Kf4 Kg8 48. Ke3 Ng4+ 49. Kxe4 1-0